 Dungeon Crawl Stone Soup version 0.14-a0-2721-g4592d88 (webtiles) character file.

497 WayneKest the Firebug (level 6, -1/51 HPs)
             Began as a Djinni Fire Elementalist on Feb 18, 2014.
             Slain by an orc priest
             ... wielding a -1,+1 orcish flail
              (10 damage)
             ... on Level 4 of the Dungeon.
             The game lasted 00:14:34 (3622 turns).

WayneKest the Firebug (Djinni Fire Elementalist)    Turns: 3622, Time: 00:14:35

HP  -1/51        AC  2     Str  8      XL: 6   Next: 28%
MP   0/0         EV 12     Int 17      God:
Gold 161         SH  0     Dex 14      Spells:  4 memorised,  3 levels left

rFire  + + +     SeeInvis .     g - +1,+0 dwarf dagger
rCold  x . .     Clarity  .     a - +0 robe
rNeg   + + +     Conserve .     (no shield)
rPois  .         rCorr    .     (no helmet)
rElec  .         rRot     .     (no cloak)
SustAb . .       Spirit   .     (no gloves)
rMut   .         Warding  .     (boots unavailable)
Saprov . . .     Stasis   .     i - amulet of rage
MR     .....                    (no ring)
                                (no ring)

@: flying, very slightly contaminated, not resistant to hostile enchantments,
fairly stealthy
A: fire immunity, cold vulnerability, life protection 3
a: no special abilities


You were on level 4 of the Dungeon.
You were not hungry.

You visited 1 branch of the dungeon, and saw 4 of its levels.

You collected 161 gold pieces.

Inventory:

Hand weapons
 g - a +1,+0 dwarven dagger (weapon)
Armour
 a - a +0 robe (worn)
Scrolls
 d - 2 scrolls of identify
 e - a scroll of remove curse
 j - 3 scrolls of amnesia {unknown}
 k - a scroll of curse weapon {unknown}
 m - a scroll of recharging {unknown}
 p - 3 scrolls of teleportation {unknown}
Jewellery
 i - an amulet of rage (around neck)
Potions
 f - a potion of lignification {unknown}
 h - a potion of cure mutation {unknown}
 n - a potion of agility {unknown}
 o - a potion of restore abilities {unknown}
 q - a potion of speed {unknown}
Books
 b - a book of Flames

   Spells                             Type                      Level
   *Flame Tongue                      Conjuration/Fire             1
   *Throw Flame                       Conjuration/Fire             2
   *Conjure Flame                     Conjuration/Fire             3
   Inner Flame                        Hexes/Fire                   3
   *Sticky Flame                      Conjuration/Fire             4
   Fireball                           Conjuration/Fire             5


   Skills:
 - Level 1.7 Dodging
 - Level 1.5 Stealth
 - Level 4.0 Spellcasting
 + Level 3.8 Conjurations
 - Level 7.2 Fire Magic


You had 3 spell levels left.
You knew the following spells:

 Your Spells              Type           Power        Failure   Level  Hunger
a - Flame Tongue          Conj/Fire      ###..        1%          1    None
b - Throw Flame           Conj/Fire      ###...       2%          2    ##.....
c - Conjure Flame         Conj/Fire      ###.....     6%          3    ###....
d - Sticky Flame          Conj/Fire      ###.....     17%         4    ####...


Dungeon Overview and Level Annotations

Branches:
Dungeon (4/16)
 Temple: D:4-7

Altars:
Nemelex Xobeh
Yredelemnul

Annotations:
D:4 mopl's ghost, average DjHe


Innate Abilities, Weirdness & Mutations

You are immune to all types of fire, even holy and hellish.
You are vulnerable to cold.
You need no food.
You have no legs.
You are immune to negative energy.


Message History

You flicker back into view.
Casting: Flame Tongue
Confirm with . or Enter, or press ? or * to list all spells.
Aiming: Flame Tongue
Press: ? - help, Shift-Dir - straight line, f/p - orc priest
Aim: an orc priest, wielding an orcish flail and wearing an orcish leather armour (lightly wounded)
The flame hits the orc priest.
The orc priest is moderately wounded.
The orc priest completely misses you.
Drink which item? (? for menu, Esc to quit)
You feel better. The orc priest closely misses you.
Casting: Flame Tongue
Confirm with . or Enter, or press ? or * to list all spells.
Aiming: Flame Tongue
Press: ? - help, Shift-Dir - straight line, f/p - orc priest
Aim: an orc priest, wielding an orcish flail and wearing an orcish leather armour (moderately wounded)
The flame hits the orc priest.
The orc priest is almost dead.
The orc priest hits you with an orcish flail!
You die...

###.....
################.......
......?.......§oo.......
.........########.......
########.# ########
#.....#.# #.###.#%##
#.###.##.## #..[..@o_.#
########.## #.## #.# #§#


#hh #..### .....+ ## #.##.# #. You could see an orc priest.

Vanquished Creatures
  The ghost of wojtek the Cutter, an average KoAs (D:3)
  An orc priest (D:4)
  A scorpion (D:4)
  3 worker ants (D:4)
  Ijyb (D:3)
  4 adders
  A worm (D:3)
  2 giant geckos
  3 orcs (D:3)
  10 bats
  4 giant cockroaches
  10 hobgoblins
  4 jackals (D:3)
  9 kobolds
  2 quokkas (D:2)
  A ball python (D:1)
  7 giant newts
  7 goblins
  6 rats
77 creatures vanquished.

Notes
Turn   | Place    | Note
--------------------------------------------------------------
     0 | D:1      | WayneKest, the Djinni Fire Elementalist, began the quest for the Orb.
     0 | D:1      | Reached XP level 1. HP: 14/14 MP: 0/0
   361 | D:1      | Reached XP level 2. EP: 7/23
   699 | D:1      | Found a sparkling altar of Nemelex Xobeh.
  1051 | D:2      | Learned a level 2 spell: Throw Flame
  1293 | D:2      | Reached XP level 3. EP: 13/29
  2094 | D:3      | Reached XP level 4. EP: 11/37
  2218 | D:3      | Noticed Ijyb
  2226 | D:3      | Killed Ijyb
  2226 | D:3      | Reached skill level 5 in Fire Magic
  2228 | D:3      | HP: 1/38 [jackal (1)]
  2415 | D:3      | Learned a level 3 spell: Conjure Flame
  2420 | D:3      | Learned a level 4 spell: Sticky Flame
  2618 | D:3      | Noticed wojtek's ghost (average KoAs)
  2666 | D:3      | Killed wojtek's ghost
  2666 | D:3      | Reached skill level 6 in Fire Magic
  2666 | D:3      | Reached XP level 5. EP: 17/44
  3035 | D:4      | Reached skill level 7 in Fire Magic
  3337 | D:4      | Reached XP level 6. EP: 35/51
  3519 | D:4      | Noticed mopl's ghost (average DjHe)
  3561 | D:4      | Found a basalt altar of Yredelemnul.
  3580 | D:4      | HP: 1/51 [orc priest/divine providence (12)]
  3622 | D:4      | Slain by an orc priest

Action                   |  1- 3 |  4- 6 || total
-------------------------+-------+-------++-------
Melee: Unarmed           |     9 |       ||     9
 Cast: Flame Tongue      |    77 |    92 ||   169
       Throw Flame       |     1 |     4 ||     5
       Conjure Flame     |       |     3 ||     3
       Sticky Flame      |       |     1 ||     1
  Use: Scroll            |       |     2 ||     2
       Potion            |       |     5 ||     5
